[Event "*** Titled Tuesday Blitz"]
[Site "Chess.com"]
[Date "2019.04.02"]
[Round "1"]
[White "Lagravesamuell"]
[Black "StephenDedalus83"]
[Result "0-1"]
[WhiteElo "2348"]
[BlackElo "2657"]
[TimeControl "180+2"]
[EndTime "14:06:05 PDT"]
[Termination "StephenDedalus83 won by resignation"]

1. d4 Nf6 2. c4 g6 3. Nc3 Bg7 4. e4 d6 5. Nf3 O-O 6. Be2 e5 7. O-O Nc6 8. d5 Ne7 9. b4 a5 10. Ba3 b6 11. bxa5 Nh5 12. Re1 f5 13. Ng5 Nf4 14. Bf1 h6 15. Nf3 fxe4 16. Nxe4 Bg4 17.
Re3 Nf5 18. Rc3 Nd4 19. axb6 Nh3+ 20. Kh1 cxb6 21. Be2 Nxe2 22. Qxe2 Nf4 23. Qe1 Nxg2 24.
Kxg2 Bxf3+ 25. Rxf3 Rxf3 26. Kxf3 Rxa3+ 27. Kg2 Qh4 28.
f3 Rxa2+ 29. Nf2 Rc2 30. Kg1 e4 31. Ra8+ Kh7 32. Ra7 Qg5+ 33. Kf1 Rc1 0-1

[Event "*** Titled Tuesday Blitz"]
[Site "Chess.com"]
[Date "2019.04.02"]
[Round "1"]
[White "gemarin"]
[Black "enriquetejedor"]
[Result "0-1"]
[WhiteElo "2036"]
[BlackElo "2518"]
[TimeControl "180+2"]
[EndTime "14:06:12 PDT"]
[Termination "enriquetejedor won by resignation"]

1. d4 e6 2. c4 Nf6 3. Nf3 d5 4. Nc3 Bb4 5. Qa4+ Nc6 6. Ne5 Bd7 7. Nxd7 Qxd7 8. cxd5 Nxd5 9. Bd2 Nxd4 10. Qxd7+ Kxd7 11. Rc1 Nc6 12. e4 Nxc3 13. bxc3 Ba3 14. Rb1 b6 15. f4 Rhd8 16. Be2 Bc5 17. Bf3 Na5 18. f5 e5 19. Be2 Ke7 20. Rf1 Rd7 21. Rf3 Rad8 22.
Bc1 f6 23. Rh3 h6 24. Rg3 Kf8 25. h4 c6 26. Rf3 Nb7 27. c4 Nd6 28. Bd3 Nxf5 29. exf5 Rxd3 30. Rxd3 Rxd3 31. Ke2 Rd4 32. g3 Rxc4 33. Bd2 Ke7 34. Rb3 Ra4 35. Rb2 Re4+ 36.
Kf3 Rd4 37. Rc2 Kd6 38. Ke2 Kd5 39. Kf3 a5 40. Ke2 a4 41. Kf3 b5 42. Ba5 Rd3+ 43.
Kg2 Bd4 44. g4 c5 45. Bd8 b4 46. Be7 b3 47. axb3 axb3 48. Rc1 b2 49. Rb1 Rd2+ 50. Kg3 Rc2 51. g5 hxg5 52. hxg5 Rc1 53. gxf6 gxf6 54. Bxf6 Rxb1 0-1

[Event "*** Titled Tuesday Blitz"]
[Site "Chess.com"]
[Date "2019.04.02"]
[Round "1"]
[White "FERNANDEZL1983"]
[Black "JSPrepz"]
[Result "0-1"]
[WhiteElo "2419"]
[BlackElo "2748"]
[TimeControl "180+2"]
[EndTime "14:06:18 PDT"]
[Termination "JSPrepz won by checkmate"]

1. e4 e5 2. Nf3 Nc6 3. Bb5 f5 4. d3 fxe4 5. dxe4 Nf6 6. Nc3 Bb4 7. Qd3 Bxc3+ 8. bxc3 d6 9. Bc4 Qe7 10. O-O Be6 11. Nd2 O-O 12. f3 Kh8 13. Rb1 Rab8 14. a4 Bd7 15. Bb3 Be8 16. Nc4 Bg6 17. Ne3 Qd8 18. Nf5 Nd7 19. Be3 Qf6 20. g4 b6 21. Qe2 Nc5 22. Bd5 Na5 23. Bxc5 bxc5 24. Qa6 c6 25. Ba2 Bxf5 26. exf5 Rxb1 27. Rxb1 Qd8 28.
Be6 d5 29. Qxa7 Nc4 30. Qxc5 Re8 31. Rb7 Qg5 32. Qxc6 Qc1+ 33. Kg2 Ne3+ 34. Kh3 Qf1+ 35. Kh4 Qf2+ 36. Kg5 Rf8 37. Qd6 h6+ 38. Kh5 Qxh2+ 39. Kg6 Rf6# 0-1

[Event "*** Titled Tuesday Blitz"]
[Site "Chess.com"]
[Date "2019.04.02"]
[Round "1"]
[White "NMZanette"]
[Black "Vice64"]
[Result "0-1"]
[WhiteElo "2204"]
[BlackElo "2550"]
[TimeControl "180+2"]
[EndTime "14:06:19 PDT"]
[Termination "Vice64 won by resignation"]

1. e4 c6 2. d4 d5 3. exd5 cxd5 4. c4 Nf6 5. Nf3 e6 6. c5 Ne4 7. Bb5+ Nc6 8. O-O Be7 9. Ne5 Bd7 10. Bxc6 Bxc6 11.
Nc3 O-O 12. Nxc6 bxc6 13. Nxe4 dxe4 14. Be3 f5 15. Qb3 Qd5 16. Qxd5 exd5 17. Bf4 g5 18. Be5 f4 19. Rab1 Bf6 20. Bxf6 Rxf6 21. b4 a6 22. Rb3 g4 23. Rfb1 Kg7 24. a4 Kg6 25. h3 h5 26.
hxg4 hxg4 27. b5 axb5 28. axb5 cxb5 29. Rxb5 e3 30. Rb6 e2 31. Rxf6+ Kxf6 32. Re1 f3 33. gxf3 gxf3 34. Kh2 Kf5 35. Kg3 Ke4 36. c6 Rc8 37. Rc1 Rg8+ 38. Kh4 Kd3 39. c7 Kd2 40. c8=Q Rxc8 41. Rxc8 e1=Q 42. Kg3 Qe4 43. Rf8 Qxd4 44. Rxf3 Qg7+ 45. Kf4 d4 46. Rg3 Qe7 47. Rb3 d3 48.
f3 Qf7+ 0-1

[Event "*** Titled Tuesday Blitz"]
[Site "Chess.com"]
[Date "2019.04.02"]
[Round "1"]
[White "lolo9292"]
[Black "Alex_Molchanov"]
[Result "1-0"]
[WhiteElo "2296"]
[BlackElo "2539"]
[TimeControl "180+2"]
[EndTime "14:06:24 PDT"]
[Termination "lolo9292 won by checkmate"]

1. Nf3 Nf6 2. c4 e6 3. g3 d5 4.
Bg2 dxc4 5. O-O c5 6. Na3 Nc6 7. Nxc4 Be7 8. b3 O-O 9. Bb2 Ne8 10. Rc1 Bf6 11. Ba3 Be7 12. Qc2 Rb8 13. e3 b6 14.
Rfd1 Nc7 15. d4 cxd4 16. Nxd4 Nxd4 17. Rxd4 Qe8 18. Nd6 Nb5 19. Nxe8 Nxd4 20. exd4 Bxa3 21. Nc7 Bxc1 22. Qxc1 Bb7 23. d5 exd5 24. Nxd5 Kh8 25. h4 h6 26. Qf4 Rbd8 27. Ne7 Bxg2 28. Kxg2 Rd7 29. Nf5 Re8 30. Qg4 Rg8 31. h5 Rc7 32. b4 Kh7 33. a4 Re8 34. Qxg7# 1-0

[Event "*** Titled Tuesday Blitz"]
[Site "Chess.com"]
[Date "2019.04.02"]
[Round "1"]
[White "CzechmVIII"]
[Black "Paparama_1917"]
[Result "0-1"]
[WhiteElo "2119"]
[BlackElo "2526"]
[TimeControl "180+2"]
[EndTime "14:06:24 PDT"]
[Termination "Paparama_1917 won by resignation"]

1. e4 c5 2. Nf3 Nc6 3. Nc3 Nf6 4. Bb5 e6 5. e5 Nd5 6. Nxd5 exd5 7. O-O Be7 8. d4 c4 9. b3 a6 10. Bxc6 dxc6 11.
bxc4 dxc4 12. Qe2 Qd5 13. Nd2 Qxd4 14. Rb1 c3 15. Nc4 Bg4 16. Qd3 Qxd3 17. cxd3 O-O-O 18. Bf4 b5 19. Ne3 Be2 20. Nf5 Ba3 21. Nd6+ Rxd6 22. exd6 Bxf1 23. Rxf1 Re8 24. Be3 c2 25. Bc1 Bxc1 26.
Rxc1 Re2 27. Kf1 Rd2 28. Ke1 Rxd3 29. Rxc2 Kd7 30. Ke2 Ra3 0-1

[Event "*** Titled Tuesday Blitz"]
[Site "Chess.com"]
[Date "2019.04.02"]
[Round "1"]
[White "santosalberto1987"]
[Black "ElGasanov"]
[Result "1-0"]
[WhiteElo "2408"]
[BlackElo "2682"]
[TimeControl "180+2"]
[EndTime "14:06:32 PDT"]
[Termination "santosalberto1987 won by resignation"]

1. e4 c5 2. Nf3 Nc6 3. d4 cxd4 4. Nxd4 Nf6 5. Nc3 g6 6. Be3 Bg7 7. Bc4 O-O 8. Bb3 Re8 9. O-O d6 10. h3 Na5 11. Qd2 b6 12. Bh6 Bb7 13. Bxg7 Kxg7 14. Rfe1 Rc8 15. Rad1 Nc4 16. Bxc4 Rxc4 17. e5 Nh5 18. g4 dxe5 19. Ne6+ fxe6 20. Qxd8 Rxd8 21. Rxd8 Nf4 22. Kh2 Kf6 23. Rd7 Bg2 24. Kg3 h5 25. f3 h4+ 26. Kxh4 Bxf3 27. Kg3 Bd5 28. Rxa7 b5 29.
a3 b4 30. axb4 Rxb4 31. b3 g5 32. Ra4 Rb7 33. Ne4+ Kg6 34. Ra3 Rb8 35. c4 Bxe4 36. Rxe4 Rh8 37. Kf2 Rxh3 38. c5 Rc3 39. Rc4 Rh3 40. c6 e4 41. Rxe4 Rc3 42. Rc4 Rh3 43.
c7 Rh2+ 44. Kg1 1-0

[Event "*** Titled Tuesday Blitz"]
[Site "Chess.com"]
[Date "2019.04.02"]
[Round "1"]
[White "maestroza"]
[Black "Guenplen"]
[Result "0-1"]
[WhiteElo "2487"]
[BlackElo "2900"]
[TimeControl "180+2"]
[EndTime "14:06:37 PDT"]
[Termination "Guenplen won on time"]

1. e4 c5 2. Nf3 e6 3. g3 Nc6 4. Bg2 Nf6 5. Qe2 d6 6. O-O Be7 7. c3 O-O 8. d4 d5 9. e5 Nd7 10. Be3 b6 11. Rd1 a5 12. Na3 Ba6 13. Nb5 a4 14. b3 axb3 15. axb3 Na5 16. Nd2 cxd4 17. Bxd4 Bc5 18. Bf1 Nc6 19. Qe3 Ncxe5 20. b4 Bxd4 21. Qxd4 Nc6 22. Qe3 Nf6 23. Rdc1 Ne7 24. Qe5 Ng6 25. Qd4 e5 26. Qe3 Re8 27. Rd1 h6 28. h3 Qd7 29. Kh2 Bxb5 0-1

[Event "*** Titled Tuesday Blitz"]
[Site "Chess.com"]
[Date "2019.04.02"]
[Round "1"]
[White "SARGISMV"]
[Black "SaraciNderim"]
[Result "1-0"]
[WhiteElo "2438"]
[BlackElo "2733"]
[TimeControl "180+2"]
[EndTime "14:06:37 PDT"]
[Termination "SARGISMV won by resignation"]

1. d4 Nf6 2. c4 g6 3. Nf3 Bg7 4.
Nc3 d5 5. cxd5 Nxd5 6. e4 Nxc3 7. bxc3 c5 8. Be3 O-O 9. Rc1 Qa5 10. Qd2 Rd8 11.
d5 Bg4 12. c4 Qc7 13. Be2 Nd7 14. O-O Rac8 15. h3 Bxf3 16. Bxf3 b5 17. cxb5 c4 18.
Bd4 Bxd4 19. Qxd4 Qc5 20. Qxc5 Rxc5 21. Rc3 Nb6 22. Rb1 e6 23. Rb4 exd5 24. exd5 Kg7 25. a4 Rdc8 26. d6 Nd5 27. Rcxc4 Rxc4 28. Rxc4 Rxc4 29.
d7 Rxa4 30. Bxd5 1-0

[Event "*** Titled Tuesday Blitz"]
[Site "Chess.com"]
[Date "2019.04.02"]
[Round "1"]
[White "Raja3401"]
[Black "Fighter008"]
[Result "0-1"]
[WhiteElo "2729"]
[BlackElo "2450"]
[TimeControl "180+2"]
[EndTime "14:06:40 PDT"]
[Termination "Fighter008 won by resignation"]

1. e4 c5 2. Nf3 d6 3. d4 cxd4 4. Nxd4 Nf6 5. Nc3 a6 6. Bg5 e6 7. Qe2 Nbd7 8. g3 Qc7 9. Bg2 Be7 10. O-O-O Rb8 11. f4 h6 12. Bh4 O-O 13. Rhe1 Nc5 14. e5 dxe5 15. fxe5 Nh7 16. Ne4 Bxh4 17. gxh4 Qxe5 18.
Kb1 Nxe4 19. Bxe4 Qf4 20. Rg1 Nf6 21. Bd3 e5 22. Rdf1 Qxd4 23. Qg2 Ne8 24. Qd2 Qxh4 25. Rg3 e4 26. Rf4 Qe7 27. Rxe4 Qf6 28. Rf4 Qb6 29. Rb4 Qd6 30. Re4 Bf5 31. Rxe8 Rbxe8 32. Qc3 Qe5 0-1

[Event "*** Titled Tuesday Blitz"]
[Site "Chess.com"]
[Date "2019.04.02"]
[Round "1"]
[White "MITerryble"]
[Black "BasilSmash"]
[Result "1-0"]
[WhiteElo "2841"]
[BlackElo "2460"]
[TimeControl "180+2"]
[EndTime "14:06:44 PDT"]
[Termination "MITerryble won by resignation"]

1. d4 d5 2. Nf3 Nf6 3. c4 e6 4. e3 b6 5. b3 Bb7 6. Bd3 Bd6 7. Bb2 O-O 8. O-O Nbd7 9. Ne5 Qe7 10. a3 c5 11. Nd2 cxd4 12. exd4 Rac8 13. Qe2 Rfd8 14. Rfe1 Nf8 15. Ndf3 Ng6 16. Nxg6 hxg6 17. Ne5 dxc4 18. bxc4 Nd7 19. Nf3 Bb8 20. d5 Qd6 21. dxe6 Bxf3 22. exf7+ Kf8 23. Qxf3 Qxh2+ 24. Kf1 Nc5 25.
Re8+ Rxe8 26. fxe8=Q+ Kxe8 27. Bxg6+ Kd8 28. Rd1+ Nd7 29.
Qf8+ Kc7 30. Rxd7+ Kxd7 31. Bf5+ Kc6 32. Qxc8+ Bc7 33.
Qd7+ 1-0

[Event "*** Titled Tuesday Blitz"]
[Site "Chess.com"]
[Date "2019.04.02"]
[Round "1"]
[White "martinjogstad99"]
[Black "Zq1"]
[Result "1-0"]
[WhiteElo "2228"]
[BlackElo "2535"]
[TimeControl "180+2"]
[EndTime "14:06:46 PDT"]
[Termination "martinjogstad99 won by resignation"]

1. d4 Nf6 2. c4 a6 3. g3 c5 4. Nf3 cxd4 5. Nxd4 d5 6. Bg2 dxc4 7. Qa4+ Nbd7 8.
Qxc4 e6 9. O-O Be7 10. Rd1 Qb6 11. Nc3 O-O 12. Be3 Ne5 13. Qb3 Qxb3 14. axb3 Neg4 15.
Bc1 Rd8 16. h3 Ne5 17. Be3 Ned7 18. Ndb5 Rb8 19. Nc7 b6 20. Nxa6 Bxa6 21. Rxa6 Nc5 22. Rxd8+ Bxd8 23. Bxc5 bxc5 24. Ra8 Rxa8 25. Bxa8 Be7 26.
Bc6 Kf8 27. e3 Bd6 28. Kf1 Ke7 29. Ke2 h5 30. Nb5 Be5 31. Nc3 Kd6 32. Bf3 Kc7 33. Nb5+ Kb6 34. Nc3 g6 35. Kd3 Nd7 36. Be2 Bd6 37. f4 Be7 38. Kc4 Ka5 39. Ne4 Nb6+ 40. Kc3 Bf6+ 41. Nxf6 1-0

[Event "*** Titled Tuesday Blitz"]
[Site "Chess.com"]
[Date "2019.04.02"]
[Round "1"]
[White "Gahan-MG"]
[Black "Entilza"]
[Result "1-0"]
[WhiteElo "2556"]
[BlackElo "2217"]
[TimeControl "180+2"]
[EndTime "14:06:49 PDT"]
[Termination "Gahan-MG won by resignation"]

1. e4 c6 2. d4 d5 3. exd5 cxd5 4. c4 Nf6 5. Nc3 Nc6 6. Nf3 Bg4 7. cxd5 Nxd5 8. Qb3 Bxf3 9. gxf3 e6 10. Qxb7 Nxd4 11.
Bb5+ Nxb5 12. Qc6+ Ke7 13. Qxb5 Nxc3 14. bxc3 Rb8 15. Qa4 Qd7 16. Qf4 Qd6 17. Ba3 Qxa3 18. Qxb8 Qxc3+ 19. Ke2 Qc2+ 20. Kf1 Qd3+ 21. Kg2 Qg6+ 22.
Qg3 Qxg3+ 23. fxg3 Kf6 24. Rhd1 Bc5 25. Rd7 Rb8 26.
Rad1 Rb2+ 27. R1d2 Rb1 28. f4 h5 29. Rc7 Bb6 30. Rb7 Rg1+ 31. Kf3 Rh1 32. Rdd7 Rxh2 33. Rxf7+ Kg6 34. Rxg7+ Kh6 35. Rge7 Rf2+ 36. Ke4 Re2+ 37. Kd3 Re3+ 38. Kc4 Kg6 39. a4 Kf5 40. Rg7 Re4+ 41. Kb5 Re1 42. Rg5+ Kf6 43. Rxh5 Rb1+ 44. Ka6 Ra1 45. a5 Bf2 46. g4 1-0

[Event "*** Titled Tuesday Blitz"]
[Site "Chess.com"]
[Date "2019.04.02"]
[Round "1"]
[White "Margency"]
[Black "krzysztofszczurek"]
[Result "1-0"]
[WhiteElo "2691"]
[BlackElo "2378"]
[TimeControl "180+2"]
[EndTime "14:07:00 PDT"]
[Termination "Margency won by resignation"]

1. e4 c5 2. Nf3 d6 3. d4 cxd4 4. Nxd4 Nf6 5. Nc3 a6 6. g3 e5 7. Nb3 Be7 8. Bg2 O-O 9. a4 Be6 10. O-O Nbd7 11. a5 Rc8 12. Be3 Qc7 13. h3 Nc5 14. Nxc5 dxc5 15. Nd5 Nxd5 16. exd5 Bf5 17. c4 Bg6 18. Qd2 Rcd8 19. b4 cxb4 20. Rfc1 Bc5 21. Bxc5 Qxc5 22. Ra4 b3 23. Qb4 Qd4 24. Qxb3 Rd7 25.
c5 Qd3 26. Qxd3 Bxd3 27. Rb4 Bb5 28. f4 exf4 29. gxf4 Rc8 30. Kf2 Kf8 31. Rb3 Rdc7 32. Rbc3 Rd7 33. Bf3 Rdd8 34. Ke3 Re8+ 35. Kd4 Rc7 36.
d6 Rd7 37. Re3 Rxe3 38. Kxe3 f5 39. Kd4 Kf7 40. Re1 g6 41. Bd5+ Kg7 42. Re8 h6 43. h4 Kf6 44. Rf8+ Kg7 45. Rb8 Kf6 46. Rxb7 Rxb7 47.
Bxb7 Ke6 48. Bc8+ Kf6 49. c6 Bxc6 50. Bxa6 Ke6 51. Kc5 Ba4 52. Bc4+ Kd7 53. a6 Kc8 54. Bb5 Bb3 55. a7 Kb7 56. d7 1-0

[Event "*** Titled Tuesday Blitz"]
[Site "Chess.com"]
[Date "2019.04.02"]
[Round "1"]
[White "Robin-Side"]
[Black "Komissarov_alex"]
[Result "1-0"]
[WhiteElo "2529"]
[BlackElo "2103"]
[TimeControl "180+2"]
[EndTime "14:07:01 PDT"]
[Termination "Robin-Side won on time"]

1. d4 d5 2. Nc3 Nf6 3. e4 dxe4 4. f3 exf3 5. Nxf3 g6 6. Bg5 Bg7 7. Qd2 Bg4 8. Be2 Nc6 9. O-O-O Nb4 10. h3 Bxf3 11.
Bxf3 Nbd5 12. Nxd5 Nxd5 13. c4 Nb6 14. Bxb7 Rb8 15.
Bc6+ Kf8 16. Rhe1 Bf6 17. Bxf6 exf6 18. Qh6+ Kg8 19. Re8+ Qxe8 20. Bxe8 Rxe8 21. b3 f5 22. Kd2 f6 23. Re1 Rxe1 24. Kxe1 Kf7 25. Kd2 Nd7 26.
h4 Nf8 27. Kc3 Ne6 28. d5 Ng7 29. Qe3 Ra8 30. Qc5 Ne8 31. Qc6 1-0

[Event "*** Titled Tuesday Blitz"]
[Site "Chess.com"]
[Date "2019.04.02"]
[Round "1"]
[White "SergioGarciaFuentes"]
[Black "GameOverBro"]
[Result "1-0"]
[WhiteElo "2041"]
[BlackElo "2496"]
[TimeControl "180+2"]
[EndTime "14:07:01 PDT"]
[Termination "SergioGarciaFuentes won by checkmate"]

1. d4 g6 2. c4 Bg7 3. Nf3 d6 4.
Nc3 e5 5. dxe5 dxe5 6. Qxd8+ Kxd8 7. Bg5+ f6 8. Rd1+ Nd7 9. Bc1 c6 10.
b3 Kc7 11. Ba3 Bf8 12. Bb2 a5 13. e3 Nc5 14. Be2 Nh6 15. O-O Nf7 16. Rc1 Bf5 17.
Rfd1 g5 18. Ne1 h5 19. Nd3 Rd8 20. Nxc5 Bxc5 21. Na4 Be7 22. c5 h4 23. Bc3 Ra8 24.
Bc4 Nh6 25. f3 e4 26. Kf2 Rhd8 27. Rxd8 Bxd8 28. Nb6 Ra7 29. Rd1 Be7 30. fxe4 Bxc5 31. exf5 Kxb6 32. Bxf6 Nxf5 33. Bd8# 1-0

[Event "*** Titled Tuesday Blitz"]
[Site "Chess.com"]
[Date "2019.04.02"]
[Round "1"]
[White "Bryakin_Mikhail"]
[Black "kingofthenil"]
[Result "1-0"]
[WhiteElo "2741"]
[BlackElo "2415"]
[TimeControl "180+2"]
[EndTime "14:07:02 PDT"]
[Termination "Bryakin_Mikhail won by resignation"]

1. d4 Nf6 2. c4 c5 3. d5 e6 4. Nc3 exd5 5. cxd5 d6 6. g3 g6 7. Bg2 Bg7 8. Nf3 O-O 9. O-O Re8 10.
Bf4 Ne4 11. Nxe4 Rxe4 12. Nd2 Rxf4 13. gxf4 Bxb2 14. Rb1 Bg7 15. Nc4 Na6 16. e4 Nc7 17.
e5 Bf5 18. Rxb7 Ne8 19. e6 fxe6 20. dxe6 Bd4 21. e7 Qc8 22. Bd5+ Kh8 23. Qf3 Rb8 24.
Rxa7 Bg4 25. Qg3 Qf5 26. Bg2 Rb1 27. Ra8 Rxf1+ 28. Bxf1 Qd7 29. Nxd6 Qxd6 30. Rxe8+ Kg7 31. Rg8+ 1-0

[Event "*** Titled Tuesday Blitz"]
[Site "Chess.com"]
[Date "2019.04.02"]
[Round "1"]
[White "sergiochess83"]
[Black "Eltarolo"]
[Result "1-0"]
[WhiteElo "2730"]
[BlackElo "2393"]
[TimeControl "180+2"]
[EndTime "14:07:02 PDT"]
[Termination "sergiochess83 won on time"]

1. e4 c5 2. Nf3 d6 3. d4 cxd4 4. Nxd4 Nf6 5. Nc3 g6 6. Be3 Bg7 7. f3 O-O 8. Qd2 Nc6 9. O-O-O d5 10. Qe1 e5 11. Nxc6 bxc6 12. exd5 Nxd5 13. Bc4 Be6 14. Ne4 Qc7 15. Nc5 Nxe3 16. Nxe6 Qb6 17. Nxf8 Nxc4 18. Qc3 e4 19. Qxc4 Bxb2+ 20. Kb1 Bg7+ 21.
Qb3 Qc7 22. Nd7 a5 23. a4 c5 24. Ka2 c4 25. Qb6 Qf4 26. Qc6 Re8 27. Nf6+ Bxf6 28. Qxe8+ Kg7 29. Qxe4 Qc7 30. Rb1 Qd7 31. Rb5 Qd2 32.
Qxc4 Qxg2 33. Rd1 Qxf3 34. Rf1 Qg2 35. Rb6 Qg5 36. Rbxf6 1-0

[Event "*** Titled Tuesday Blitz"]
[Site "Chess.com"]
[Date "2019.04.02"]
[Round "1"]
[White "Durarbayli"]
[Black "francogreek"]
[Result "1-0"]
[WhiteElo "2758"]
[BlackElo "2424"]
[TimeControl "180+2"]
[EndTime "14:07:04 PDT"]
[Termination "Durarbayli won by resignation"]

1. e4 c5 2. Nf3 d6 3. d4 cxd4 4. Nxd4 Nf6 5. Nc3 g6 6. Be3 a6 7.
f3 b5 8. Qd2 Bb7 9. O-O-O Nbd7 10.
Kb1 b4 11. Nd5 Nxd5 12. exd5 Bxd5 13. Qxb4 Bg7 14. Bc4 Rb8 15. Qa4 Bxc4 16. Qxc4 O-O 17. b3 a5 18. Nc6 Qe8 19. Nxb8 Qxb8 20. Bd4 Ne5 21. Qe2 a4 22. f4 Nc6 23. Bxg7 Kxg7 24. h4 h5 25. g4 hxg4 26. h5 a3 27. hxg6 fxg6 28. Qxg4 Qb4 29. Qh3 Kf7 30. Qh7+ Ke8 31.
Qxg6+ Kd8 32. Qg7 Rxf4 33. Rhe1 Rf2 34. Rf1 Qd2 35. Qf8+ Kc7 36. Rxd2 1-0

[Event "*** Titled Tuesday Blitz"]
[Site "Chess.com"]
[Date "2019.04.02"]
[Round "1"]
[White "Didici"]
[Black "SabinaFoisor"]
[Result "1-0"]
[WhiteElo "2612"]
[BlackElo "2277"]
[TimeControl "180+2"]
[EndTime "14:07:05 PDT"]
[Termination "Didici won on time"]

1. e4 e5 2. Nf3 Nc6 3. Bc4 Bc5 4.
c3 Nf6 5. d4 exd4 6. e5 d5 7.
Bb5 Ne4 8. cxd4 Bb6 9. Be3 O-O 10. Nc3 Bg4 11. h3 Bxf3 12. gxf3 Nxc3 13. bxc3 f6 14. f4 fxe5 15. fxe5 Qh4 16. Qg4 Qxg4 17. hxg4 Nd8 18. f4 g6 19. Bd3 Nf7 20. Kd2 c5 21. dxc5 Bc7 22. e6 Nh8 23. f5 Be5 24. Bd4 Bg7 25. Rae1 Rae8 26. Rhf1 1-0

[Event "*** Titled Tuesday Blitz"]
[Site "Chess.com"]
[Date "2019.04.02"]
[Round "1"]
[White "robbykevlishvili"]
[Black "wenx95"]
[Result "1-0"]
[WhiteElo "2824"]
[BlackElo "2456"]
[TimeControl "180+2"]
[EndTime "14:07:06 PDT"]
[Termination "robbykevlishvili won by resignation"]

1. e4 d5 2. exd5 Qxd5 3. Nf3 Bg4 4. Be2 Nc6 5. h3 Bxf3 6. Bxf3 Qe6+ 7. Qe2 Qxe2+ 8.
Bxe2 O-O-O 9. d3 e5 10. Nd2 f5 11. Nf3 g6 12. Ng5 Rd7 13. Be3 Bh6 14. h4 Nf6 15.
O-O-O Nd5 16. Bd2 Nd4 17. Bf1 Rhd8 18. g3 Nf6 19. Bh3 c5 20. Rde1 e4 21. dxe4 Nxc2 22. Rd1 Bxg5 23. Bxg5 Rxd1+ 24. Rxd1 Rxd1+ 25. Kxd1 Nxe4 26. Kxc2 Nxf2 27. Bg2 b6 28. Bd5 Kd7 29. Bg8 Ke8 30. Bxh7 Kf7 31. h5 gxh5 32. Bxf5 Nh1 33. Bh4 Nf2 34. Kd2 1-0

[Event "*** Titled Tuesday Blitz"]
[Site "Chess.com"]
[Date "2019.04.02"]
[Round "1"]
[White "jefferyx"]
[Black "Lion_DL"]
[Result "1-0"]
[WhiteElo "2856"]
[BlackElo "2461"]
[TimeControl "180+2"]
[EndTime "14:07:07 PDT"]
[Termination "jefferyx won by resignation"]

1. d4 Nf6 2. c4 c5 3. d5 Ne4 4.
Nf3 Qa5+ 5. Nfd2 e5 6. a3 Nxd2 7.
Bxd2 Qc7 8. Nc3 d6 9. e4 Be7 10. Be2 O-O 11. b4 a6 12. bxc5 Qxc5 13. O-O Qc7 14.
c5 Qxc5 15. Rc1 Qc7 16. Nb5 Qd8 17. Nc7 Ra7 18. Be3 b6 19. Bxb6 Rb7 20. Ba5 Bg5 21.
Rc2 f5 22. Qe1 Qf6 23. Ne6 Bxe6 24. dxe6 fxe4 25. Bc4 Kh8 26. Qxe4 Re7 27. Bd5 Rxe6 28. Bxe6 Qxe6 29. Bb4 Nd7 30. Rd1 Be7 31. Rc6 Qa2 32.
Qe1 Nf6 33. Bxd6 Bxd6 34. Rcxd6 Qxa3 35. Qxe5 Ng4 36. Qe7 Kg8 37. Qe6+ Kh8 38. Qxg4 1-0

[Event "*** Titled Tuesday Blitz"]
[Site "Chess.com"]
[Date "2019.04.02"]
[Round "1"]
[White "vugarrasulov"]
[Black "bugsbunny444"]
[Result "1-0"]
[WhiteElo "2866"]
[BlackElo "2476"]
[TimeControl "180+2"]
[EndTime "14:07:10 PDT"]
[Termination "vugarrasulov won by resignation"]

1. e4 e6 2. d4 d5 3. Nd2 Nf6 4. e5 Nfd7 5. Bd3 c5 6. c3 Nc6 7. Ne2 cxd4 8. cxd4 f6 9. exf6 Nxf6 10. Nf3 Bd6 11. O-O O-O 12. Bf4 Bxf4 13. Nxf4 Qd6 14.
Ne2 g6 15. Ng3 Qb4 16. Qc2 Nxd4 17. Nxd4 Qxd4 18. Rad1 Qf4 19. Ne2 Qd6 20. Bxg6 e5 21.
Bf5 Kh8 22. Ng3 Qc6 23. Qe2 e4 24. Qe3 Qb6 25. Qh6 Bxf5 26. Nxf5 Rf7 27. b3 Rg8 28. Qe3 Rd8 29. Qxb6 axb6 30. f3 exf3 31. Rxf3 Ne4 32. Nh6 Rxf3 33. gxf3 Nc3 34. Rd3 Rc8 35. Nf7+ Kg7 36.
Nd6 Rc7 37. Ne8+ 1-0

[Event "*** Titled Tuesday Blitz"]
[Site "Chess.com"]
[Date "2019.04.02"]
[Round "1"]
[White "DenisQ"]
[Black "Beawuids"]
[Result "0-1"]
[WhiteElo "2639"]
[BlackElo "2361"]
[TimeControl "180+2"]
[EndTime "14:07:10 PDT"]
[Termination "Beawuids won by resignation"]

1. Nf3 c5 2. c4 Nc6 3. Nc3 e5 4. g3 g6 5. Bg2 Bg7 6. O-O Nge7 7.
Ne1 d6 8. Nc2 Be6 9. Ne3 O-O 10.
d3 a6 11. Ned5 Rb8 12. a4 f5 13. Bg5 h6 14. Bxe7 Nxe7 15. Nxe7+ Qxe7 16. Bd5 e4 17. dxe4 Bxc3 18. bxc3 fxe4 19. Rb1 b6 20. e3 Kg7 21.
Bxe4 Bxc4 22. Qg4 Rf6 23. Rfd1 h5 24. Qh4 Qe5 25. Bxg6 Be2 26. Bd3 Bxd1 27. Rxd1 Rbf8 28. Rd2 Kh6 29. Qc4 Rxf2 0-1

[Event "*** Titled Tuesday Blitz"]
[Site "Chess.com"]
[Date "2019.04.02"]
[Round "1"]
[White "TheBigBadChessDad"]
[Black "martinmartinez95"]
[Result "0-1"]
[WhiteElo "2191"]
[BlackElo "2546"]
[TimeControl "180+2"]
[EndTime "14:07:12 PDT"]
[Termination "martinmartinez95 won by resignation"]

1. d4 Nf6 2. Nf3 e6 3. Bf4 Bd6 4. Bg3 O-O 5. c4 Ne4 6. Nc3 Nxc3 7. bxc3 Bxg3 8. hxg3 b6 9. e3 Bb7 10. Bd3 g6 11. e4 Nc6 12. Qd2 Qf6 13. g4 Qg7 14. g5 d5 15. cxd5 exd5 16. e5 Ne7 17. Nh2 Bc8 18. Qf4 c5 19. Ng4 Bxg4 20. Qxg4 cxd4 21. cxd4 Rac8 22. Kd2 Rfd8 23. Rac1 Qf8 24. Qh3 h5 25.
gxh6 Kh7 26. f4 Nc6 27. Ke3 Qb4 28. Rxc6 Rxc6 29. f5 Rc3 30. Rd1 Qe7 31. Kf4 Rg8 32. fxg6+ fxg6 33. Qg4 Qf8+ 34. Kg5 Qxh6+ 35. Kf6 Rc6+ 36.
e6 Qg7+ 37. Kg5 Qe7+ 38. Kf4 Rxe6 39. Rh1+ Kg7 40. Bf5 Rf8 41. Rh5 Re4+ 42. Kf3 Rxg4 43. Kxg4 gxh5+ 0-1

[Event "*** Titled Tuesday Blitz"]
[Site "Chess.com"]
[Date "2019.04.02"]
[Round "1"]
[White "Mikhail_Golubev"]
[Black "Paralinch"]
[Result "0-1"]
[WhiteElo "2451"]
[BlackElo "2806"]
[TimeControl "180+2"]
[EndTime "14:07:14 PDT"]
[Termination "Paralinch won by resignation"]

1. e4 c6 2. d4 d5 3. Nc3 dxe4 4. Nxe4 Bf5 5. Ng3 Bg6 6. c3 e6 7. Nh3 Nf6 8. Nf4 Qc7 9. h4 Bd6 10. Qf3 Nbd7 11. h5 Bc2 12. h6 g6 13. Bd3 Bxd3 14. Nxd3 Qa5 15. Ne4 Nxe4 16. Qxe4 Qd5 17. Qxd5 exd5 18.
f3 f6 19. Kf2 Kf7 20. Bd2 Rae8 21. g4 Re7 22. Rae1 Rhe8 23. Rxe7+ Bxe7 24. f4 Nf8 25. Kf3 Bd6 26. a4 f5 27. gxf5 gxf5 28. Ne5+ Bxe5 29. fxe5 Ne6 30. Rh5 Kg6 31. Rh1 Rg8 32. Rg1+ Kf7 33.
Rxg8 Kxg8 34. Kg3 Kf7 35. Kh4 Kg6 36. Bc1 c5 37. dxc5 Nxc5 38. Be3 Nxa4 39. Bxa7 Nxb2 40.
Bd4 Kf7 41. Kg5 Ke6 42. Kf4 Nd3+ 43. Ke3 Nxe5 44. Kf4 Nf7 45. Bg7 Nd6 46. Ke3 Nb5 47. Kf4 Na3 48. Ke3 Nc4+ 49. Kd4 f4 50. Bh8 f3 51. Kd3 Kf5 0-1

[Event "*** Titled Tuesday Blitz"]
[Site "Chess.com"]
[Date "2019.04.02"]
[Round "1"]
[White "DanielMieles1985"]
[Black "mlchen"]
[Result "1-0"]
[WhiteElo "2700"]
[BlackElo "2383"]
[TimeControl "180+2"]
[EndTime "14:07:14 PDT"]
[Termination "DanielMieles1985 won by resignation"]

1. d4 Nf6 2. c4 e6 3. Nc3 Bb4 4. Qc2 O-O 5. e4 Bxc3+ 6. bxc3 d5 7. e5 Nfd7 8. cxd5 exd5 9. Bd3 h6 10.
Nf3 c5 11. O-O Nc6 12. a3 Re8 13. Re1 b6 14. Bf4 Nf8 15. h3 Ne6 16. Be3 Bd7 17. Rad1 Rc8 18. Qa2 c4 19. Bb1 Na5 20. Qc2 Nf8 21.
Nh2 Qe7 22. Bc1 Nb3 23. Ng4 Ba4 24. Bxh6 gxh6 25. Nf6+ Kh8 26. Re3 Ng6 27. Rg3 Bd7 28. h4 h5 29. Qe2 Bg4 30. Qe3 Kg7 31. f3 Be6 32. Nxh5+ Kf8 33. Qh6+ 1-0